 Dungeon Crawl Stone Soup version 0.29.1-1-gd02db6906a (webtiles) character file.

Game seed: 15888397558971721991

76 safid the Shooter (level 4, -10/38 HPs)
             Began as a Minotaur Hunter on Oct 18, 2022.
             Killed from afar by Sigmund (11 damage)
             ... with a puff of flame
             ... on level 2 of the Dungeon.
             The game lasted 00:02:14 (1385 turns).

safid the Shooter (Minotaur Hunter)                 Turns: 1385, Time: 00:02:15

Health: -10/38     AC:  3    Str: 16    XL:     4   Next: 12%
Magic:  3/3        EV: 16    Int:  6    God:
Gold:   61         SH:  0    Dex: 15    Spells: 3/3 levels left

rFire   . . .      SeeInvis .   a - +0 shortbow
rCold   . . .      Faith    .   (shield currently unavailable)
rNeg    . . .      Spirit   .   c - +0 leather armour
rPois   .          Reflect  .   (helmet restricted)
rElec   .          Harm     .   (no cloak)
rCorr   .          Rampage  .   (no gloves)
Will    .....                   (no boots)
Stlth   +.........              (no amulet)
HPRegen 0.12/turn               h - +4 ring of evasion
MPRegen 0.08/turn               (no ring)

@: no status effects
A: horns 2, retaliatory headbutt
a: no special abilities


You were on level 2 of the Dungeon.
You visited 1 branch of the dungeon, and saw 2 of its levels.

You collected 61 gold pieces.

Inventory:

Hand Weapons
 a - a +0 shortbow (weapon)
Missiles
 k - 4 curare-tipped darts
Armour
 c - a +0 leather armour (worn)
Jewellery
 h - a +4 ring of evasion (left hand)
Scrolls
 b - a scroll of immolation
 d - 2 scrolls of identify {unknown}
 i - a scroll of fear {unknown}
 j - a scroll of amnesia {unknown}
 l - a scroll of summoning {unknown}
Potions
 e - 2 potions of berserk rage {unknown}
 f - a potion of lignification {unknown}
 g - 2 potions of curing {unknown}


   Skills:
 - Level 3.0 Fighting
 + Level 6.0 Ranged Weapons
 - Level 2.1 Dodging
 - Level 0.7 Stealth


You had 3 spell levels left.
You didn't know any spells.
Your spell library was empty.

Dungeon Overview and Level Annotations

Branches:
Dungeon (2/15)

Altars:

Annotations:
D:2 Sigmund


Innate Abilities, Weirdness & Mutations

You have a pair of horns on your head.
You reflexively headbutt those who attack you in melee.


Message History

Sigmund hits you from afar with a +0 scythe.
You shoot an arrow. The arrow hits Sigmund.
Sigmund is heavily wounded.
Sigmund hits you from afar with a +0 scythe.
You shoot an arrow. The arrow hits Sigmund.
Sigmund is severely wounded.
Sigmund hits you from afar with a +0 scythe.
You shoot an arrow. The arrow closely misses Sigmund.
You hear a shout! x4
You shoot an arrow. The arrow barely misses Sigmund.
Sigmund hits you from afar with a +0 scythe!
You are too injured to fight recklessly!
You are too injured to fight recklessly!
You are too injured to fight recklessly!
You are too injured to fight recklessly!
You are too injured to fight recklessly!
Sigmund points at you and mumbles some strange words.
The magic dart hits you. Sigmund gestures at you while chanting.
You are confused.
You bump into the closed door.
You bump into the closed door.
Sigmund laughs darkly.
You bump into the closed door.
Sigmund points at you and mumbles some strange words.
You resist with some effort.
Sigmund casts a spell.
Sigmund flickers and vanishes!
Deactivating autopickup; reactivate with Ctrl-A.
You bump into the rock wall.
You feel less confused.
A magic dart appears from out of thin air!
The magic dart hits you.
* * * LOW HITPOINT WARNING * * *
A magic dart appears from out of thin air!
The magic dart hits you!
* * * LOW HITPOINT WARNING * * *
A puff of flame appears from out of thin air!
The puff of flame hits you!
You die...

#........#...###...#.......#.#
#........#.................#.#
.......#.#.................#.#
.......#.#.................#.#
...#.###.#[............#.....#
...+..............>....###.###
...#####.#######.#.....#...#
#............###+#.....#..[######
#.###........#..@........)††.....
..###......................#####.
...........{.....................
..#+#####................########
.............#...............#..
.....##......................#.#
.....##............#.........#.#
......#.........)..###.......#.#
......##........#............#.#


There were no monsters in sight!

Vanquished Creatures
  3 adders (D:2)
  2 dart slugs (D:1)
  5 bats (D:1)
  5 endoplasms
  2 giant cockroaches
  3 goblins (D:1)
  4 hobgoblins
  6 jackals
  A quokka (D:1)
  2 ball pythons
  3 frilled lizards
  4 kobolds
  2 rats (D:1)
42 creatures vanquished.

Notes
Turn   | Place    | Note
-------+----------+-------------------------------------------
     0 | D:1      | safid the Minotaur Hunter began the quest for the Orb.
     0 | D:1      | Reached XP level 1. HP: 18/18 MP: 0/0
   169 | D:1      | Reached XP level 2. HP: 26/26 MP: 1/1
   446 | D:1      | Reached skill level 5 in Ranged Weapons
   682 | D:1      | Reached XP level 3. HP: 31/31 MP: 2/2
   854 | D:1      | Found a faded altar of an unknown god.
  1352 | D:2      | Reached skill level 6 in Ranged Weapons
  1352 | D:2      | Reached XP level 4. HP: 38/38 MP: 3/3
  1352 | D:2      | Noticed Sigmund
  1384 | D:2      | HP: 1/38 [something/magic dart (8)]
  1385 | D:2      | Killed from afar by Sigmund

Illustrated notes

Levels and vault maps discovered:
D:1:      saegor_arrival_simple_d, layout_basic,
          ebering_ecumenical_altar_petrified
D:2:      layout_basic, uniq_robin, uniq_sigmund

Skill      XL: |  1  2  3 |
---------------+----------+-----
Fighting       | 3 |  3.0
Ranged Weapons | 5 6 |  6.0
Dodging        | |  2.1
Stealth        | |  0.7

Action                   |  1- 3 |  4- 6 || total
-------------------------+-------+-------++-------
 Fire: Shortbow          |   113 |    10 ||   123
Armor: Leather armour    |    10 |       ||    10
Dodge: Dodged            |    30 |       ||    30
